 Dungeon Crawl Stone Soup version 0.28.0-43-g3370ac3207 (webtiles) character file.

Game seed: 16548980570759893546

3782 Ablot the Magician (level 10, -3/77 HPs)
             Began as a Gnoll Warper on Mar 12, 2022.
             Was a Plaything of Xom.
             Slain by a nine-headed hydra (4 damage)
             ... on level 7 of the Dungeon.
             The game lasted 00:18:33 (6022 turns).

Ablot the Magician (Gnoll Warper)                   Turns: 6022, Time: 00:18:33

Health: -3/77      AC: 14    Str: 14    XL:     10   Next: 16%
Magic:  18/20      EV: 15    Int: 13    God:    Xom [.....*]
Gold:   384        SH:  0    Dex: 18    Spells: 15/23 levels left

rFire   + . .      SeeInvis .   H - +2 whip (chaos)
rCold   . . .      Faith    .   (no shield)
rNeg    . . .      Spirit   .   y - +1 leather armour {rF+}
rPois   .          Reflect  .   t - +0 helmet
rElec   .          Harm     .   w - +0 cloak
rCorr   .          Rampage  .   D - +1 pair of gloves
Will    .....                   x - +0 pair of boots
Stlth   +++.......              o - amulet of regeneration
HPRegen 1.02/turn               K - +6 ring of dexterity
MPRegen 0.17/turn               p - +4 ring of protection

@: no status effects
A: fangs 1, strong nose, distributed training
a: Renounce Religion


You were on level 7 of the Dungeon.
You worshipped Xom.
You were Xom's teddy bear.
You visited 1 branch of the dungeon, and saw 8 of its levels.

You collected 384 gold pieces.

Inventory:

Hand Weapons
 s - a +0 trident
 u - a +0 hunting sling
 v - a +3 quarterstaff of chaos
 H - a +2 whip of chaos (weapon)
 S - a +5 long sword
 T - the +4 scythe of Dull Gallantry {chaos, Stlth+}
   (Xom gifted it to you on level 6 of the Dungeon)

   Each time it hits an enemy it has a different, random effect.
   Stlth:     It makes you more stealthy.
Missiles
 i - 206 stones
 k - 102 arrows
 F - 3 throwing nets
 I - 5 boomerangs
 L - 46 bolts
 Q - 14 poisoned darts (quivered)
Armour
 d - a +2 ring mail of cold resistance
 t - a +0 helmet (worn)
 w - a +0 cloak (worn)
 x - a +0 pair of boots (worn)
 y - a +1 leather armour of fire resistance (worn)
 D - a +1 pair of gloves (worn)
Jewellery
 e - a ring of willpower
 h - a ring of flight
 o - an amulet of regeneration (around neck)
 p - a +4 ring of protection (right hand)
 J - a ring of positive energy
 K - a +6 ring of dexterity (left hand)
Wands
 a - a wand of polymorph (7)
 B - a wand of iceblast (2)
 N - a wand of acid (6)
Scrolls
 b - 2 scrolls of teleportation {unknown}
 c - a scroll of blinking
 m - 2 scrolls of enchant armour {unknown}
 q - 2 scrolls of fog {unknown}
 r - 6 scrolls of identify {unknown}
 E - a scroll of amnesia {unknown}
 G - a scroll of silence {unknown}
 M - 2 scrolls of fear {unknown}
 O - a scroll of vulnerability {unknown}
 P - a scroll of noise {unknown}
 R - a scroll of brand weapon {unknown}
 U - a scroll of holy word {unknown}
 W - a scroll of enchant weapon {unknown}
Potions
 f - a potion of heal wounds {unknown}
 g - 4 potions of berserk rage {unknown}
 j - 4 potions of curing {unknown}
 l - a potion of mutation {unknown}
 n - a potion of experience {unknown}
 z - 2 potions of attraction {unknown}
 A - 2 potions of might {unknown}
 C - a potion of lignification {unknown}
 V - 3 potions of ambrosia {unknown}
 X - a potion of haste {unknown}


   Skills:
 + Level 6.8 Fighting
 + Level 5.0 Short Blades
 + Level 5.0 Long Blades
 + Level 5.0 Axes
 + Level 5.0 Maces & Flails
 + Level 6.8 Polearms
 + Level 5.0 Staves
 + Level 5.0 Slings
 + Level 5.0 Bows
 + Level 5.0 Crossbows
 + Level 5.7 Throwing
 + Level 5.7 Armour
 + Level 6.8 Dodging
 + Level 5.0 Stealth
 + Level 5.0 Shields
 + Level 5.0 Unarmed Combat
 + Level 7.1 Spellcasting
 + Level 4.1 Conjurations
 + Level 4.1 Hexes
 + Level 4.1 Summonings
 + Level 4.1 Necromancy
 + Level 6.9 Translocations
 + Level 4.1 Transmutations
 + Level 4.1 Fire Magic
 + Level 4.1 Ice Magic
 + Level 4.1 Air Magic
 + Level 4.1 Earth Magic
 + Level 4.1 Poison Magic
 + Level 5.5 Invocations
 + Level 5.0 Evocations


You had 15 spell levels left.
You knew the following spells:

 Your Spells              Type           Power      Damage    Failure   Level
a - Blink                 Tloc           44%        N/A       1%          2
b - Call Imp              Summ           15%        N/A       4%          2
c - Poisonous Vapours     Pois/Air       30%        N/A       4%          2
d - Passwall              Tmut/Erth      12%        N/A       4%          2

Your spell library contained the following spells:

 Spells                   Type           Power      Damage    Failure   Level
 Foxfire                  Conj/Fire      60%        2x1d7     3%          1
 Magic Dart               Conj           60%        1d6       3%          1
 Sandblast                Erth           30%        2d9       3%          1
 Gell's Gravitas          Tloc           22%        N/A       3%          3
 Lesser Beckoning         Tloc           22%        N/A       3%          3
 Teleport Other           Tloc           22%        N/A       3%          3
 Static Discharge         Conj/Air       15%        N/A       4%          2
 Dazzling Flash           Conj/Hex       30%        N/A       10%         3
 Inner Flame              Hex/Fire       15%        N/A       10%         3
 Mephitic Cloud           Conj/Pois/Air  15%        N/A       10%         3
 Stone Arrow              Conj/Erth      30%        3d8       10%         3
 Summon Guardian Golem    Hex/Summ       15%        N/A       10%         3
 Iskenderun's Mystic Bla  Conj/Tloc      19%        2d6       19%         4
 Manifold Assault         Tloc           22%        N/A       28%         5
 Animate Armour           Summ/Erth      30%        N/A       32%         4
 Blade Hands              Tmut           7%         N/A       67%         5
 Freezing Cloud           Conj/Ice/Air   7%         6-21      67%         5
 Lightning Bolt           Conj/Air       7%         1d20      67%         5
 Iron Shot                Conj/Erth      7%         9d2       99%         6
 Simulacrum               Ice/Necr       7%         N/A       99%         6
 Starburst                Conj/Fire      7%         6d4       99%         6
 Orb of Destruction       Conj           7%         9d6       100%        7
 Spellforged Servitor     Conj/Summ      7%         N/A       100%        7
 Maxwell's Capacitive Co  Air            7%         ∞         100%        8
 Polar Vortex             Ice            7%         N/A       100%        9


Dungeon Overview and Level Annotations

Branches:
Dungeon (8/15)             Temple (0/1) D:4
   Lair: D:8-11

Altars:
Ashenzari
Ru
Trog
Xom
The Shining One


Innate Abilities, Weirdness & Mutations

You have very sharp teeth.
Your uncanny sense of smell can sniff out nearby items.
Your experience applies equally to all skills.


Message History

Throw: 17 darts (poison)
Press: ? - help, Q - select action, (/) - cycle Shift-Dir - straight line, f/p - nine-headed hydra
Aim: a nine-headed hydra (severely wounded, strong, 82% to hit)
You throw a poisoned dart.
The poisoned dart hits the nine-headed hydra.
The nine-headed hydra is severely wounded.
Throw: 16 darts (poison)
Press: ? - help, Q - select action, (/) - cycle Shift-Dir - straight line, f/p - nine-headed hydra
Aim: a nine-headed hydra (severely wounded, strong, 82% to hit)
You throw a poisoned dart.
The poisoned dart barely misses the nine-headed hydra.
Unknown command.
Throw: 15 darts (poison)
Press: ? - help, Q - select action, (/) - cycle Shift-Dir - straight line, f/p - nine-headed hydra
Aim: a nine-headed hydra (severely wounded, strong, 82% to hit)
You throw a poisoned dart.
The poisoned dart hits the nine-headed hydra.
The nine-headed hydra is poisoned.
The nine-headed hydra is severely wounded.
You feel stable enough to blink again.
Xom's power touches on your mind for a moment.
The nine-headed hydra looks rather confused.
Unknown command.
Okay, then.
Okay, then.
You hit the nine-headed hydra.
The nine-headed hydra suddenly seems more agile.
The nine-headed hydra is severely wounded.
Unknown command.
You hit the nine-headed hydra but do no damage.
You punch the nine-headed hydra.
The nine-headed hydra is severely wounded.
The nine-headed hydra barely misses you.
The nine-headed hydra closely misses you.
The nine-headed hydra bites you.
* * * LOW HITPOINT WARNING * * *
The nine-headed hydra bites you!
* * * LOW HITPOINT WARNING * * *
The nine-headed hydra bites you.
You die...

#......###..........##
##.......#.....#...###
#..............##..# ######
#...............#..### #..#.##
##..###.......#.###...###...).#
..............#..##....##.....##
...............................#
....####......................##
....## ##.......@........#..###
.....####.......D...)....#..#
.[......##.......)(....[..###
..[............[..)......>.##
[###..#####.....<.)...##..#.#####
..#....##....#..)..(..##..#.....#
#####.##....####.......##........
.####.##.....#.#....).........#..
##.#.....##..........(........#..


You could see a nine-headed hydra (strong, agile, confused, poisoned).

Vanquished Creatures
  A two-headed ogre (D:5)
  Pikel (D:7)
  Prince Ribbit (D:6)
  Grinder (D:5)
  Menkaure (D:7)
  3 water moccasins (D:6)
  2 orc warriors (D:7)
  A sky beast (D:6)
  A hornet zombie (D:4)
  2 necrophages
  3 ogres
  A phantom (D:6)
  2 kobold brigands (D:7)
  A lemure (D:6)
  A scorpion (D:5)
  3 wights (D:6)
  2 jellies
  A centaur zombie (D:7)
  A hound (D:6)
  4 orc priests
  A gnoll shaman (D:6)
  Ijyb (D:3)
  Terence (D:2)
  7 orc wizards
  Natasha (thrice) (D:4)
  2 iguanas (D:4)
  A killer bee zombie (D:7)
  A hound zombie (D:5)
  Robin (D:2)
  8 gnolls
  A howler monkey skeleton (D:7)
  4 adders
  2 shadow imps
  An ufetubus (D:6)
  A worm (D:2)
  5 dart slugs
  16 orcs
  2 bats
  8 endoplasms
  2 giant cockroaches
  12 goblins
  6 hobgoblins
  6 jackals (D:1)
  3 quokkas
  8 ball pythons
  3 frilled lizards
  10 kobolds
  9 rats
158 creatures vanquished.

Vanquished Creatures (collateral kills)
  2 orcs (D:7)
2 creatures vanquished.

Vanquished Creatures (others)
  An orc (D:4)
  A kobold (D:7)
2 creatures vanquished.

Grand Total: 162 creatures vanquished

Notes
Turn   | Place    | Note
-------+----------+-------------------------------------------
     0 | D:1      | Ablot the Gnoll Warper began the quest for the Orb.
     0 | D:1      | Reached XP level 1. HP: 20/20 MP: 6/6
   143 | D:1      | Reached XP level 2. HP: 6/26 MP: 7/7
   152 | D:1      | HP: 1/26 [jackal (1)]
   157 | D:1      | HP: 1/26 [jackal (1)]
   185 | D:1      | HP: 1/26 [jackal (2)]
   500 | D:1      | Learned a level 2 spell: Blink
   793 | D:1      | Found a faded altar of an unknown god.
   931 | D:1      | Reached XP level 3. HP: 26/31 MP: 9/9
  1068 | D:1      | Reached skill level 5 in Spellcasting
  1497 | D:2      | Found a shimmering altar of Xom.
  1514 | D:2      | Noticed Terence
  1562 | D:2      | Noticed Robin
  1615 | D:2      | Reached skill level 1 in Invocations
  1644 | D:2      | Killed Robin
  1645 | D:2      | Reached skill level 1 in Short Blades
  1645 | D:2      | Reached skill level 1 in Long Blades
  1645 | D:2      | Reached skill level 1 in Axes
  1645 | D:2      | Reached skill level 1 in Maces & Flails
  1645 | D:2      | Reached skill level 1 in Staves
  1645 | D:2      | Reached skill level 1 in Slings
  1645 | D:2      | Reached skill level 1 in Bows
  1645 | D:2      | Reached skill level 1 in Crossbows
  1645 | D:2      | Reached skill level 1 in Stealth
  1645 | D:2      | Reached skill level 1 in Shields
  1645 | D:2      | Reached skill level 1 in Unarmed Combat
  1645 | D:2      | Reached skill level 1 in Evocations
  1645 | D:2      | Reached XP level 4. HP: 28/38 MP: 11/11
  1767 | D:2      | Found a runed translucent door.
  1768 | D:2      | Noticed Crazy Yiuf
  1773 | D:2      | HP: 1/37 [Crazy Yiuf/+3 quarterstaff of chaos (5)]
  1774 | D:2      | Noticed Crazy Yiuf
  1774 | D:2      | Crazy Yiuf changed into Crazy Yiuf the worm
  1803 | D:2      | Killed Crazy Yiuf the worm
  1905 | D:2      | Became a worshipper of Xom of Chaos
  1923 | D:2      | Killed Terence
  1924 | D:2      | Reached skill level 1 in Conjurations
  1924 | D:2      | Reached skill level 1 in Hexes
  1924 | D:2      | Reached skill level 1 in Summonings
  1924 | D:2      | Reached skill level 1 in Necromancy
  1924 | D:2      | Reached skill level 1 in Transmutations
  1924 | D:2      | Reached skill level 1 in Fire Magic
  1924 | D:2      | Reached skill level 1 in Ice Magic
  1924 | D:2      | Reached skill level 1 in Air Magic
  1924 | D:2      | Reached skill level 1 in Earth Magic
  1924 | D:2      | Reached skill level 1 in Poison Magic
  2317 | D:3      | XOM: potion effect (berserk rage)
  2324 | D:3      | Reached XP level 5. HP: 43/43 MP: 12/12
  2324 | D:3      | XOM: summons 2 hostile shadow creatures
  2349 | D:3      | XOM: 8-stop teleportation journey
  2397 | D:3      | Found a sacrificial altar of Ru.
  2803 | D:3      | Noticed Ijyb
  2808 | D:3      | Killed Ijyb
  2995 | D:4      | Learned a level 2 spell: Call Imp
  3005 | D:3      | XOM: silly message
  3120 | D:4      | Noticed Natasha
  3125 | D:4      | Killed Natasha
  3165 | D:4      | Reached XP level 6. HP: 47/50 MP: 13/13
  3208 | D:4      | XOM: enchant monster (good)
  3212 | D:4      | Reached skill level 5 in Fighting
  3212 | D:4      | Reached skill level 5 in Polearms
  3212 | D:4      | Reached skill level 5 in Dodging
  3242 | D:4      | Found a glowing golden altar of the Shining One.
  3315 | D:4      | Found a staircase to the Ecumenical Temple.
  3341 | D:4      | XOM: noise
  3345 | D:4      | Noticed a necrophage
  3350 | D:4      | Killed a necrophage
  3351 | D:4      | Reached XP level 7. HP: 56/56 MP: 15/15
  3358 | D:4      | XOM: torment (29/56 hp)
  3534 | D:4      | XOM: silly message
  3772 | D:4      | Noticed Natasha
  3794 | D:4      | XOM: chaos upgrade
  3798 | D:4      | Killed Natasha
  3906 | D:4      | XOM: divination: detect items
  3927 | D:4      | Noticed Natasha
  3933 | D:4      | Killed Natasha
  3981 | D:5      | Entered Level 5 of the Dungeon
  4085 | D:5      | Reached XP level 8. HP: 63/63 MP: 16/16
  4152 | D:5      | Noticed a two-headed ogre
  4253 | D:5      | Noticed Grinder
  4254 | D:5      | XOM: potion effect (invisibility)
  4261 | D:5      | XOM: silly message
  4267 | D:5      | Killed Grinder
  4268 | D:5      | Reached skill level 6 in Spellcasting
  4378 | D:5      | Found a broken altar of Ashenzari.
  4564 | D:5      | Killed a two-headed ogre
  4565 | D:5      | Reached XP level 9. HP: 65/69 MP: 18/18
  4861 | D:6      | XOM: enchant monster (good)
  4951 | D:6      | Reached skill level 5 in Throwing
  4951 | D:6      | Reached skill level 5 in Armour
  5070 | D:6      | XOM: god gift: warped scythe {god gift}
  5070 | D:6      | Identified the +4 scythe of Dull Gallantry {chaos, Stlth+}
                  | (Xom gifted it to you on level 6 of the Dungeon)
  5188 | D:7      | Noticed Prince Ribbit
  5193 | D:6      | XOM: summons 6 friendly demons
  5217 | D:6      | Killed Prince Ribbit
  5239 | D:7      | Noticed Menkaure
  5281 | D:6      | XOM: enchant monster (good)
  5285 | D:6      | Reached skill level 5 in Invocations
  5302 | D:7      | XOM: potion effect (invisibility)
  5305 | D:7      | Noticed Pikel
  5324 | D:7      | Killed Menkaure
  5331 | D:7      | Killed Pikel
  5332 | D:7      | Reached skill level 7 in Spellcasting
  5332 | D:7      | Reached XP level 10. HP: 25/77 MP: 17/20
  5336 | D:6      | XOM: god gift: scroll labelled KAFFAA LACVESS {god gift}
  5479 | D:7      | XOM: summons 10 friendly demons
  5495 | D:7      | Reached skill level 5 in Short Blades
  5495 | D:7      | Reached skill level 5 in Long Blades
  5495 | D:7      | Reached skill level 5 in Axes
  5495 | D:7      | Reached skill level 5 in Maces & Flails
  5495 | D:7      | Reached skill level 5 in Staves
  5495 | D:7      | Reached skill level 5 in Slings
  5495 | D:7      | Reached skill level 5 in Bows
  5495 | D:7      | Reached skill level 5 in Crossbows
  5495 | D:7      | Reached skill level 5 in Stealth
  5495 | D:7      | Reached skill level 5 in Shields
  5495 | D:7      | Reached skill level 5 in Unarmed Combat
  5495 | D:7      | Reached skill level 5 in Evocations
  5596 | D:7      | XOM: 1-stop teleportation journey
  5646 | D:7      | Found a bloodstained altar of Trog.
  5831 | D:7      | Got Wedi's Papyrus of Flying Ignition
  5835 | D:7      | Learned a level 2 spell: Poisonous Vapours
  5838 | D:7      | Learned a level 2 spell: Passwall
  5935 | D:8      | Noticed a manticore
  5936 | D:8      | Noticed an eight-headed hydra
  5937 | D:8      | XOM: enchant monster (bad)
  5944 | D:8      | Noticed a four-headed hydra
  6019 | D:7      | XOM: confuse monster(s)
  6022 | D:7      | HP: 1/77 [nine-headed hydra (12)]
  6022 | D:7      | Slain by a nine-headed hydra

Illustrated notes

Levels and vault maps discovered:
D:1:      roderic_crossed_star, layout_rooms, ebering_ecumenical_altar_abandoned
D:2:      layout_basic, basic_altar, uniq_terence, uniq_robin,
          uniq_crazy_yiuf_cottage
D:3:      layout_loops_corners, mainiacjoe_overflow_brackets, uniq_ijyb
D:4:      layout_gridville, amcnicky_altar_gilded,
          minmay_temple_entry_glassed_door, uniq_natasha
D:5:      layout_cave_pools, cheibrodos_ashenzari_chains, eino_tiny_chamber,
          uniq_grinder
D:6:      layout_rooms
D:7:      layout_cave_pools, trog_three_pillars_becter,
          kennysheep_cross_bottleneck, uniq_prince_ribbit1, uniq_pikel,
          uniq_menkaure
D:8:      cheibrodos_fzero, layout_gridville, gammafunk_temple_overflow_wave,
          minmay_lair_entry_grove, hangedman_misty_isle

Skill      XL: |  1  2  3  4  5  6  7  8  9 10 |
---------------+-------------------------------+-----
Spellcasting   | 5 6 7 |  7.1
Invocations    | 1 2 3 4 5 |  5.5
Short Blades   | 1 2 3 4 5 |  5.0
Long Blades    | 1 2 3 4 5 |  5.0
Axes           | 1 2 3 4 5 |  5.0
Maces & Flails | 1 2 3 4 5 |  5.0
Staves         | 1 2 3 4 5 |  5.0
Slings         | 1 2 3 4 5 |  5.0
Bows           | 1 2 3 4 5 |  5.0
Crossbows      | 1 2 3 4 5 |  5.0
Stealth        | 1 2 3 4 5 |  5.0
Shields        | 1 2 3 4 5 |  5.0
Unarmed Combat | 1 2 3 4 5 |  5.0
Evocations     | 1 2 3 4 5 |  5.0
Conjurations   | 1 2 3 4 |  4.1
Hexes          | 1 2 3 4 |  4.1
Summonings     | 1 2 3 4 |  4.1
Necromancy     | 1 2 3 4 |  4.1
Transmutations | 1 2 3 4 |  4.1
Fire Magic     | 1 2 3 4 |  4.1
Ice Magic      | 1 2 3 4 |  4.1
Air Magic      | 1 2 3 4 |  4.1
Earth Magic    | 1 2 3 4 |  4.1
Poison Magic   | 1 2 3 4 |  4.1
Throwing       | 3 4 5 |  5.7
Armour         | 3 4 5 |  5.7
Fighting       | 5 6 |  6.8
Polearms       | 5 6 |  6.8
Dodging        | 5 6 |  6.8
Translocations | 6 |  6.9

Action                   |  1- 3 |  4- 6 |  7- 9 | 10-12 || total
-------------------------+-------+-------+-------+-------++-------
Melee: Spear             |   161 |       |       |       ||   161
       Bite              |    13 |     7 |    24 |     8 ||    52
       Punch             |     2 |       |       |     1 ||     3
       Quarterstaff      |       |    89 |   163 |       ||   252
       Trident           |       |    12 |       |       ||    12
       Scythe            |       |       |    50 |    50 ||   100
       Whip              |       |       |       |     7 ||     7
Throw: Boomerang         |       |     5 |       |       ||     5
       Stone             |       |     1 |       |       ||     1
       Dart              |       |       |       |     5 ||     5
 Cast: Blink             |       |     2 |     2 |     3 ||     7
Evoke: Wand              |       |     2 |     1 |     2 ||     5
  Use: Scroll            |       |       |       |     1 ||     1
 Stab: Sleeping          |     1 |     2 |     3 |       ||     6
       Petrifying        |       |     1 |       |     1 ||     2
       Invisible         |       |       |     6 |       ||     6
       Petrified         |       |       |     2 |       ||     2
Armor: Leather armour    |    26 |    40 |   105 |    85 ||   256
       Ring mail         |       |    10 |       |       ||    10
Dodge: Dodged            |    75 |    55 |   241 |    99 ||   470
